 Dungeon Crawl Stone Soup version 0.31-a0-210-gccc998d (webtiles) character file.

Game seed: 14490413938307680819

815122 Dawnplanks the Formicid Barricade (level 27, -31/249 HPs)
             Began as a Formicid Fighter on June 29, 2023.
             Was the Champion of the Shining One.
             Killed from afar by Irrit the pandemonium lord (69 damage)
             ... with a bolt of acid
             ... on level 11 of a ziggurat.
             The game lasted 04:34:41 (73368 turns).

Dawnplanks the Formicid Barricade (FoFi)           Turns: 73368, Time: 04:34:42

Health: -31/249    AC: 50    Str: 18    XL:     27
Magic:  41/41      EV: 17    Int:  6    God:    the Shining One [******]
Gold:   9173       SH: 63    Dex: 44    Spells: 48/54 levels left

rFire   + . .        J - +9 great sword "Fasahimy" {heavy, rElec Str-3 Dex+8}
rCold   + + .        T - +8 tower shield {rC+}
rNeg    + + +        h - +12 gold dragon scales
rPois   +            (helmet unavailable)
rElec   +            P - +2 cloak {Stlth+}
rCorr   .            y - +0 pair of fencer's gloves {Riposte Dex+3}
SInv    +            v - +3 pair of boots of Roivyojie {Will++ Int-4 Slay+6}
Will    ++++.        G - amulet of reflection Stlth
                     e - +6 ring of dexterity
HPRegen 0.61/turn    r - +4 ring of slaying
MPRegen 0.27/turn

%: reflection
@: divinely shielded, glowing, studying 3 skills
A: permanent stasis, dig shafts and tunnels, antennae 3, four strong arms, claws
1, agile 1
}: 6/15 runes: barnacled, slimy, silver, bone, abyssal, gossamer
a: Dig, Shaft Self, Renounce Religion, Divine Shield, Cleansing Flame, Summon
Divine Warrior


You were on level 11 of a ziggurat.
You worshipped the Shining One.
The Shining One was exalted by your worship.
You visited 14 branches of the dungeon, and saw 64 of its levels.
You visited the Abyss 1 time.
You visited 1 ziggurat, and saw 11 of its levels.
You also visited: Bailey, Gauntlet, Ice Cave and Desolation.

You collected 12558 gold pieces.
You spent 3385 gold pieces at shops.

Inventory:

Hand Weapons
 E - a +9 triple sword of holy wrath
 J - the +9 great sword "Fasahimy" (weapon) {heavy, rElec Str-3 Dex+8}
   (You found it on level 7 of the Dungeon)

   Str:       It affects your strength (-3).
   Dex:       It affects your dexterity (+8).
   rElec:     It insulates you from electricity.
 O - the +6 shortbow of Extermination {freeze, Will+ Int+2}
   (You found it in the Desolation of Salt)

   Int:       It affects your intelligence (+2).
   Will:      It increases your willpower.
Armour
 h - +12 gold dragon scales (worn)
 v - the +3 pair of boots of Roivyojie (worn) {Will++ Int-4 Slay+6}
   (Okawaru gifted it to you on level 2 of the Realm of Zot)

   Int:       It affects your intelligence (-4).
   Slay:      It affects your accuracy & damage with ranged weapons and melee
   (+6).
   Will:      It greatly increases your willpower.
 y - the +0 pair of fencer's gloves (worn) {Riposte Dex+3}
   (You bought it in a shop on level 2 of the Elven Halls)

   Riposte:   It allows the wearer to riposte with melee weapons, swiftly
   retaliating against missed or blocked melee attacks.
   Dex:       It affects your dexterity (+3).
 B - the +3 pair of seven-league boots {Rampage+∞}
   (Okawaru gifted it to you on level 1 of the Realm of Zot)

   Rampage+∞: When moving toward enemies, its wearer moves as far as possible,
   alerting their target en route.
 H - the +2 pair of boots of Ethereal Lucidity {rPois Dex+4 Slay+2}
   (Okawaru gifted it to you on level 1 of the Spider Nest)

   Dex:       It affects your dexterity (+4).
   Slay:      It affects your accuracy & damage with ranged weapons and melee
   (+2).
   rPois:     It protects you from poison.
 I - the +4 robe of Folly {Brill Will-∞ Int+8}
   (You found it on level 10 of a ziggurat)

   Brill:     It increases the power of your magical spells and halves their MP
   cost (rounding up).
   Will-∞: It reduces your willpower to zero.
   Int:       It affects your intelligence (+8).
 L - the +7 crystal plate armour of the Depths {Int+3}
   (Okawaru gifted it to you on level 2 of the Depths)

   Int:       It affects your intelligence (+3).
 P - a +2 cloak of stealth (worn)
 Q - a +0 cloak of preservation
 S - the +7 faerie dragon scales {Harm rCorr Str+3 Dex+2 Stlth+}
   (You took it off the Enchantress in the Arena)

   Str:       It affects your strength (+3).
   Dex:       It affects your dexterity (+2).
   rCorr:     It protects you from acid and corrosion.
   Harm:      It increases damage dealt and taken.
   Stlth:     It makes you more stealthy.
 T - a +8 tower shield of cold resistance (worn)
Jewellery
 a - the ring "Ywucs" {+Blink rElec Will+ Int+6}
   (You bought it in a shop on level 2 of the Orcish Mines)

   [ring of intelligence]

   Int:       It affects your intelligence (+6).
   rElec:     It insulates you from electricity.
   +Blink:    It lets you blink.
   Will:      It increases your willpower.
 e - a +6 ring of dexterity (left hand)
 f - the ring of Ketuol Daruss {Ice rN+ Str+4}
   (You found it on level 7 of Tartarus)

   [ring of ice]

   It enhances your ice magic.
   Str:       It affects your strength (+4).
   rF:        It makes you vulnerable to fire.
   rC:        It protects you from cold.
   rN:        It protects you from negative energy.
 o - the ring "Bihy" {rElec rF+ Int+3}
   (You took it off an ironbound preserver on level 5 of the Vaults)

   [ring of protection from fire]

   Int:       It affects your intelligence (+3).
   rF:        It protects you from fire.
   rElec:     It insulates you from electricity.
 r - a +4 ring of slaying (right hand)
 z - the ring "Unucoph" {rF+ Str+4}
   (You found it on level 5 of the Pits of Slime)

   [ring of protection from fire]

   Str:       It affects your strength (+4).
   rF:        It protects you from fire.
 G - an amulet of reflection (around neck)
 R - the ring of Shadows {Umbra +Inv Stlth+}
   (You found it on level 6 of a ziggurat)

   [ring of stealth]

   Umbra:     It surrounds you with an aura of shadow, increasing your stealth
   and reducing the accuracy of all others within it.
   +Inv:      It lets you turn invisible.
   Stlth:     It makes you more stealthy.
Wands
 j - a wand of digging (7)
 w - a wand of mindburst (1)
 U - a wand of iceblast (11)
 V - a wand of quicksilver (72)
 W - a wand of flame (13)
Scrolls
 c - 4 scrolls of immolation
 g - 9 scrolls of revelation
 k - 8 scrolls of fog
 m - 8 scrolls of enchant weapon
 q - 5 scrolls of brand weapon
 s - 9 scrolls of fear
 A - 6 scrolls of poison
 C - 3 scrolls of butterflies
 D - 3 scrolls of blinking
 F - 5 scrolls of teleportation
 M - 2 scrolls of silence
 N - a scroll of amnesia
 Z - a scroll of enchant armour
Potions
 b - 8 potions of enlightenment
 d - 5 potions of might
 i - 3 potions of resistance
 l - 9 potions of brilliance
 n - 6 potions of magic
 p - 11 potions of curing
 t - 6 potions of attraction
 u - 4 potions of mutation
 x - 11 potions of ambrosia
 K - 4 potions of heal wounds
 X - 3 potions of haste
 Y - 3 potions of cancellation


   Skills:
 O Level 27 Fighting
 O Level 27 Long Blades
 - Level 4.1 Ranged Weapons
 O Level 27 Armour
 * Level 12.6 Dodging
 - Level 2.3 Stealth
 O Level 27 Shields
 * Level 14.3 Spellcasting
 * Level 11.1 Translocations
 - Level 8.8 Transmutations
 O Level 27 Invocations
 - Level 3.1 Evocations


You had 48 spell levels left.
You knew the following spells:

 Your Spells              Type           Power      Damage    Failure   Level
a - Wereblood             Tmut           14%        N/A       6%          2
b - Manifold Assault      Tloc           17%        N/A       16%         4

Your spell library contained the following spells:

 Spells                   Type           Power      Damage    Failure   Level
 Apportation              Tloc           34%        N/A       1%          1
 Lesser Beckoning         Tloc           34%        N/A       2%          2
 Beastly Appendage        Tmut           28%        N/A       4%          1
 Gell's Gravitas          Tloc           17%        N/A       4%          3
 Teleport Other           Tloc           17%        N/A       4%          3
 Passage of Golubria      Tloc           17%        N/A       16%         4
 Momentum Strike          Conj/Tloc      22%        3d8       24%         2
 Sting                    Tmut/Pois      36%        1d4       26%         1
 Passwall                 Tmut/Erth      7%         N/A       36%         2
 Portal Projectile        Hex/Tloc       22%        N/A       43%         3
 Volatile Blastmotes      Fire/Tloc      22%        2d11      43%         3
 Spider Form              Tmut/Pois      9%         N/A       58%         3
 Blade Hands              Tmut           7%         N/A       75%         5
 Ignite Poison            Fire/Tmut/Pois 7%         N/A       80%         3
 Foxfire                  Conj/Fire      16%        2x1d4     83%         1
 Freeze                   Ice            16%        1d4       83%         1
 Kiss of Death            Conj/Necr      16%        2d6       83%         1
 Magic Dart               Conj           16%        1d3       83%         1
 Necrotise                Necr           16%        1d4       83%         1
 Slow                     Hex            16%        N/A       83%         1
 Summon Small Mammal      Summ           16%        N/A       83%         1
 Iskenderun's Mystic Bla  Conj/Tloc      11%        2d4       83%         4
 Call Imp                 Summ           8%         N/A       93%         2
 Cigotuvi's Dreadful Rot  Necr/Pois/Air  8%         N/A       93%         2
 Ensorcelled Hibernation  Hex/Ice        8%         N/A       93%         2
 Poisonous Vapours        Pois/Air       8%         N/A       93%         2
 Searing Ray              Conj           8%         2d4       93%         2
 Static Discharge         Conj/Air       8%         2-3/arc   93%         2
 Sublimation of Blood     Necr           4%         N/A       93%         2
 Petrify                  Tmut/Erth      9%         N/A       94%         4
 Dispersal                Tloc           8%         N/A       94%         6
 Call Canine Familiar     Summ           4%         N/A       99%         3
 Confusing Touch          Hex            4%         N/A       99%         3
 Dazzling Flash           Conj/Hex       8%         N/A       99%         3
 Inner Flame              Hex/Fire       4%         N/A       99%         3
 Mephitic Cloud           Conj/Pois/Air  4%         N/A       99%         3
 Ozocubu's Armour         Ice            4%         N/A       99%         3
 Stone Arrow              Conj/Erth      8%         3d7       99%         3
 Summon Guardian Golem    Hex/Summ       4%         N/A       99%         3
 Tukima's Dance           Hex            4%         N/A       99%         3
 Vampiric Draining        Necr           4%         2d6       99%         3
 Anguish                  Hex/Necr       2%         N/A       100%        4
 Animate Armour           Summ/Erth      8%         N/A       100%        4
 Animate Dead             Necr           4%         N/A       100%        4
 Flame Wave               Conj/Fire      4%         2d5       100%        4
 Fulminant Prism          Conj/Hex       2%         3d5       100%        4
 Leda's Liquefaction      Hex/Erth       2%         N/A       100%        4
 Sticky Flame             Conj/Fire      4%         2d3       100%        4
 Summon Ice Beast         Ice/Summ       4%         N/A       100%        4
 Agony                    Necr           4%         N/A       100%        5
 Alistair's Intoxication  Tmut/Pois      6%         N/A       100%        5
 Arcjolt                  Conj/Air       2%         1d12      100%        5
 Borgnjor's Vile Clutch   Necr/Erth      2%         N/A       100%        5
 Fireball                 Conj/Fire      2%         3d4       100%        5
 Freezing Cloud           Conj/Ice/Air   2%         6-21      100%        5
 Irradiate                Conj/Tmut      4%         3d13      100%        5
 Iskenderun's Battlesphe  Conj           4%         2d6       100%        5
 Lee's Rapid Deconstruct  Erth           2%         3d4*      100%        5
 Metabolic Englaciation   Hex/Ice        2%         N/A       100%        5
 Silence                  Hex/Air        2%         N/A       100%        5
 Yara's Violent Unravell  Hex/Tmut       4%         3d4       100%        5
 Conjure Ball Lightning   Conj/Air       2%         3x3d6     100%        6
 Eringya's Noxious Bog    Tmut/Pois      4%         N/A       100%        6
 Leda's Unmaking          Conj/Erth      2%         9d1       100%        6
 Plasma Beam              Fire/Air       2%         2x1d12    100%        6
 Simulacrum               Ice/Necr       2%         N/A       100%        6
 Starburst                Conj/Fire      2%         6d3       100%        6
 Statue Form              Tmut/Erth      6%         N/A       100%        6
 Dragon Form              Tmut           7%         N/A       100%        7
 Enfeeble                 Hex            2%         N/A       100%        7
 Haunt                    Necr/Summ      2%         N/A       100%        7
 Orb of Destruction       Conj           2%         9d5       100%        7
 Spellforged Servitor     Conj/Summ      2%         N/A       100%        7
 Storm Form               Tmut/Air       4%         N/A       100%        7
 Disjunction              Tloc           8%         N/A       100%        8
 Infestation              Necr           2%         N/A       100%        8
 Lehudib's Crystal Spear  Conj/Erth      2%         10d2      100%        8
 Summon Horrible Things   Summ           2%         N/A       100%        8
 Shatter                  Erth           2%         3d6*      100%        9
 Blink                    Tloc           Unusable   N/A       N/A         2
 Vhi's Electric Charge    Tloc/Air       Unusable   N/A       N/A         3
 Swiftness                Air            Unusable   N/A       N/A         3

Dungeon Overview and Level Annotations

Branches:
Dungeon (15/15)            Temple (1/1) D:7            Lair (5/5) D:11
 Shoals (4/4) Lair:2       Spider (4/4) Lair:2        Slime (5/5) Lair:5
    Orc (2/2) D:11            Elf (3/3) Orc:2        Vaults (5/5) D:13
  Crypt (3/3) Vaults:2       Tomb (0/3) Crypt:3      Depths (4/4) D:15
   Hell (visited)             Dis (0/7) Hell            Geh (0/7) Hell
    Coc (0/7) Hell            Tar (7/7) Hell            Zot (5/5) Depths:4
 Bailey (visited)           IceCv (visited)         Desolation (visited)
Gauntlet (visited)

Altars:
Ashenzari
Cheibriados
Dithmenos
Elyvilon
Fedhas
Gozag
Hepliaklqana
Kikubaaqudgha
Makhleb
Nemelex Xobeh
Okawaru
Qazlal
Ru
Sif Muna
Trog
Uskayaw
Vehumet
Wu Jian
Xom
Yredelemnul
Zin
The Shining One
Jiyva

Shops:
D:15 *   Orc:1 *!*   Orc:2 [(*(:(   Elf:2 [=*   Elf:3 ?:*[=   Vaults:2 *
Vaults:3 ?   Vaults:4 =::   Zot:1 *   Depths:2 [?*   Depths:4 [

Portals:
Hell: Depths:1 Depths:2 Depths:3 Depths:4
Abyss: Depths:3 Depths:4
Pandemonium: Depths:2
Trove: D:14 (give +3 ice dragon scales)

Annotations:
D:2 1 runed translucent door, Crazy Yiuf
D:10 2 transporters


Innate Abilities, Weirdness & Mutations

You cannot be hasted, slowed, berserked, paralysed or teleported.
You can dig through walls and to a lower floor.
You have a pair of large antennae on your head. (SInv)
Your four strong arms can wield two-handed weapons with a shield.
You have sharp fingernails.
You are agile. (Dex +4, Str/Int -1)


Message History

The blast of lightning engulfs the Ice Fiend!!
The Ice Fiend resists.
The blast of lightning engulfs Irrit.
Irrit completely resists.
You are engulfed in blazing flames.
You resist.
The ball lightning explodes!
The blast of lightning engulfs the ball lightning.
The ball lightning completely resists.
The blast of lightning engulfs the ball lightning.
The ball lightning completely resists.
The blast of lightning engulfs the blizzard demon.
The blizzard demon completely resists.
The blast of lightning engulfs you!! You resist.
The blast of lightning engulfs Irrit.
Irrit completely resists.
The blast of lightning engulfs the Ice Fiend!
The Ice Fiend resists.
The ball lightning explodes!
The blast of lightning engulfs you! You resist.
* * * LOW HITPOINT WARNING * * *
The blast of lightning engulfs the ball lightning.
The ball lightning completely resists.
The blast of lightning engulfs the blizzard demon.
The blizzard demon completely resists.
The blast of lightning engulfs the Ice Fiend!!
The Ice Fiend resists.
The Ice Fiend dies!
The blast of lightning engulfs Irrit.
Irrit completely resists.
The blizzard demon waves its arms in wide circles.
The air twists around and strikes you!
* * * LOW HITPOINT WARNING * * *
Okay, then.
The ball lightning explodes!
The blast of lightning engulfs you! You resist.
* * * LOW HITPOINT WARNING * * *
The blast of lightning engulfs Irrit.
Irrit completely resists.
The blast of lightning engulfs the blizzard demon.
The blizzard demon completely resists.
You block the blizzard demon's attack. x2
You chop the blizzard demon into pieces!!!
The blizzard demon is almost dead.
Irrit sneers, "Thy spine shall be my luncheon!"
Irrit gestures at you. The bolt of acid hits you!!!
You die...

.........▓ ▓.........▓
▓.........▓
▓▓▓▓▓▓▓.........▓▓▓▓▓▓
▓.....................
▓..................!/|
▓..............2...)"[
▓.............@.&§.|$∩
▓∩............§§§..[)>
▓.............☼)§..:)∩
▓.............§§☼..=|[
▓.....................
▓.....................
▓▓▓▓▓▓▓.........▓▓▓▓▓▓
▓.........▓
▓.........▓


You could see Irrit (strong, invisible) and a blizzard demon (strong).

Vanquished Creatures
  the Royal Jelly (Slime:5)
  Ereshkigal (Tar:7)
  6 ancient liches (Zot:5)
  7 dread liches
  Mennas (Depths:4)
  5 orbs of fire
  A juggernaut (Depths:3)
  Josephina (Depths:2)
  Boris (thrice) (Arena Depths:3 Vaults:5)
  2 Killer Klowns
  Vv (Depths:2)
  Frederick (Crypt:1)
  Saint Roka (Vaults:1)
  2 caustic shrikes
  2 curse toes
  Geryon (Hell)
  12 golden dragons
  the Enchantress (Arena)
  13 bone dragons
  18 profane servitors
  14 doom hounds
  25 Tzitzimimeh
  5 electric golems
  A walking crystal tome (Depths:3)
  24 Orb Guardians (Zot:5)
  Asterion (Elf:3)
  A spectral shard shrike (Tar:7)
  A walking earthen tome (Depths:4)
  A Hell Sentinel (Zig:7)
  6 liches
  14 tentacled monstrosities
  16 tainted leviathans
  Grunn (Depths:2)
  21 acid blobs
  6 deep elf master archers
  18 titans
  11 deep elf blademasters
  13 quicksilver dragons
  8 death cobs
  The ghost of Dega the Acrobat, an adept SpHu of Dithmenos (Vaults:1)
  4 sphinxes
  3 Executioners (Abyss:3)
  2 krakens
  7 tentacled starspawn (Abyss:3)
  A sphinx (shapeshifter) (Vaults:5)
  4 ancient champions (Crypt:1)
  The ghost of Ojuonoci the Fencer, an adept DsWn of Okawaru (Shoals:2)
  Kirke (Lair:5)
  5 tengu reavers
  18 storm dragons
  12 draconian monks
  2 nagarajas (Zig:9)
  12 shadow dragons
  2 revenants
  7 rockslimes
  13 fire giants
  6 azure jellies
  13 frost giants
  13 deep elf sorcerers
  4 iron dragons
  Aizul (Spider:1)
  A juggernaut zombie (Crypt:1)
  10 ghost moths
  15 vault wardens
  6 draconian knights
  2 balrugs (Zig:11)
  3 spectral caustic shrikes (Depths:1)
  3 imperial myrmidons (Desolation)
  9 draconian shifters
  7 draconian scorchers
  3 emperor scorpions (Spider:4)
  A curse skull (Crypt:3)
  4 draconian stormcallers
  11 reapers
  7 ghouls (Crypt:1)
  22 ironbound preservers
  4 orc warlords
  2 caustic shrike skeletons
  3 spriggan defenders (Depths:2)
  4 deep elf elementalists (Elf:3)
  10 broodmothers
  4 formless jellyfish
  7 war gargoyles
  A cacodemon (Zig:11)
  11 very ugly things
  4 vampire knights
  A juggernaut skeleton (Crypt:2)
  A demonspawn black sun (Zig:11)
  7 quicksilver oozes
  6 draconian annihilators
  6 ironbound thunderhulks
  30 stone giants
  13 green draconians
  A lorocyproca (Abyss:3)
  4 deep elf annihilators (Elf:3)
  8 deep elf demonologists
  13 purple draconians
  A minotaur (Gauntlet)
  47 putrid mouths
  20 yellow draconians
  18 dire elephants
  20 black draconians
  5 spark wasps
  21 red draconians
  16 white draconians
  2 blizzard demons (Hell)
  2 iron golems
  6 deep elf death magi
  10 eidola
  7 deep elf high priests
  8 crystal guardians
  10 ettins
  5 merfolk javelineers
  2 green deaths
  10 yaktaur captains
  8 fire dragons
  7 merfolk impalers
  4 jiangshi
  20 great orbs of eyes
  A spriggan zombie (Hell)
  5 rakshasas
  11 entropy weavers
  A spectral golden dragon (Tar:3)
  A hell beast (Zig:11)
  6 ice dragons
  A fenstrider witch zombie (Hell)
  5 spectral spriggans
  13 servants of whispers
  11 ragged hierophants (Desolation)
  4 spriggan skeletons
  7 boulder beetles
  5 spriggan air magi
  2 salamander tyrants (Zig:9)
  6 merfolk aquamancers
  4 radroaches
  2 anacondas (Zig:9)
  4 ogre magi
  12 centaur warriors
  2 jorogumos
  3 death knights (Crypt:1)
  9 ironbound frosthearts
  29 vault guards
  10 two-headed ogres
  6 peacekeepers
  A catoblepas (D:13)
  10 hydras
  3 ghost crabs
  35 dancing weapons
  An alligator snapping turtle (Shoals:4)
  12 deep troll earth magi
  2 tengu warriors
  A spectral stone giant (Tar:3)
  23 death yaks
  2 deep troll shamans
  3 merfolk avatars
  A spectral naga (Tar:3)
  3 hell hogs (Hell)
  3 spectral dire elephants
  A quicksilver ooze zombie (Crypt:1)
  2 naga warriors (Zig:9)
  2 orc high priests (Zig:5)
  7 demonic crawlers
  A naga sharpshooter (Zig:9)
  6 vampire magi
  3 spriggan berserkers
  2 thrashing horrors (Abyss:3)
  10 hell knights
  37 deep elf knights
  4 spriggans
  A crystal echidna (Hell)
  16 soul eaters
  7 sun demons
  An emperor scorpion zombie (Crypt:2)
  Lodul (D:10)
  A skyshark (shapeshifter) (Vaults:5)
  35 shadow wraiths
  2 spectral death yaks (Lair:5)
  2 sun moths
  2 sixfirhies
  25 skeletal warriors
  8 iron trolls
  2 storm dragon skeletons
  6 pharaoh ants
  A spatial maelstrom (Abyss:3)
  8 wretched stars (Abyss:3)
  An anaconda zombie (Hell)
  2 spectral anacondas
  2 obsidian statues
  A skyshark (Shoals:2)
  7 sea snakes
  2 death drakes
  2 swamp dragons (Zig:10)
  8 orb spiders
  4 bog bodies
  62 deep trolls
  3 orange crystal statues
  31 deep elf archers
  9 glowing orange brains
  A spark wasp zombie (Depths:3)
  A spectral iron dragon (Tar:3)
  7 flayed ghosts
  A lindwurm (shapeshifter) (Vaults:5)
  A shadow dragon zombie (Vaults:2)
  25 phantasmal warriors
  A harpy (shapeshifter) (Elf:2)
  40 harpies
  2 anaconda skeletons
  7 steelbarb worms
  A spectral hydra (Tar:7)
  20 ironbound convokers
  7 wizards
  44 deep elf pyromancers
  52 starcursed masses (Abyss:3)
  11 necromancers
  7 cyclopes
  12 lindwurms
  11 orc knights
  2 spectral alligator snapping turtles
  2 will-o-the-wisps (Abyss:3)
  31 wolf spiders
  34 ugly things
  44 deep elf zephyrmancers
  3 orc sorcerers
  An iron dragon zombie (Crypt:2)
  4 shining eyes
  6 fauns
  A frost giant zombie (Crypt:2)
  4 human zombies (Vaults:2)
  A worldbinder (Abyss:3)
  2 oklob plants (Lair:4)
  A salamander (D:15)
  16 manticores
  2 spectral merfolk (Shoals:2)
  A moth of wrath (shapeshifter) (Vaults:5)
  24 moths of wrath
  A rust devil (Hell)
  2 spectral centaurs (Tar:2)
  2 elephants (shapeshifter)
  25 vault sentinels
  A dire elephant zombie (Lair:5)
  8 black mambas
  3 ice statues
  8 merfolk sirens
  4 guardian serpents (Desolation)
  4 naga magi (Zig:9)
  5 fire giant skeletons (Crypt:3)
  A black mamba (shapeshifter) (D:14)
  21 elephants
  2 apocalypse crabs (Abyss:3)
  11 water nymphs
  6 molten gargoyles
  2 orange demons (Abyss:3)
  An elf zombie (Vaults:2)
  12 unseen horrors
  2 centaur skeletons (Crypt:3)
  11 gargoyles
  A spectral sea snake (Shoals:2)
  13 cane toads
  9 smoke demons
  Maggie (D:7)
  10 torpor snails
  A dire elephant skeleton (Crypt:3)
  A rime drake (shapeshifter) (Depths:3)
  A sea snake zombie (Hell)
  A death yak zombie (Crypt:2)
  5 komodo dragons
  8 freezing wraiths
  11 rime drakes
  2 spark wasp simulacra (Depths:2)
  2 efreet
  3 hellions
  A golden dragon simulacrum (Depths:2)
  4 ancient zymes (Abyss:3)
  28 yaktaurs
  A minotaur skeleton (Crypt:1)
  4 tengu conjurers
  A merfolk (shapeshifter) (Vaults:5)
  A hydra zombie (Hell)
  A queen bee (Lair:4)
  A green draconian skeleton (Crypt:1)
  2 red devils (Hell)
  A silent spectre (Tar:4)
  4 guardian mummies (Crypt:3)
  9 spectral harpies
  9 tormentors
  A wolf spider simulacrum (D:12)
  33 merfolk
  17 polar bears
  A queen bee (shapeshifter) (D:14)
  14 trolls
  5 hornets
  14 meliai
  A sea snake skeleton (Hell)
  33 tarantellas
  7 tyrant leeches
  A sphinx simulacrum (Depths:2)
  3 hellwings
  2 polar bears (shapeshifter)
  A harpy skeleton (Crypt:3)
  75 saltlings
  A tengu simulacrum (Depths:2)
  5 wind drakes (Shoals:4)
  23 blink frogs
  A blink frog (shapeshifter) (D:14)
  A hydra skeleton (Hell)
  9 dream sheep
  10 raiju
  2 alligator zombies
  2 human simulacra (Vaults:2)
  A jumping spider (shapeshifter) (D:13)
  28 jumping spiders
  7 snapping turtles
  15 air elementals
  A spectral black mamba (Tar:2)
  109 slime creatures
  17 culicivoras
  A stone giant simulacrum (Vaults:2)
  10 large abominations (Abyss:3)
  A flying skull (Abyss:3)
  A slime creature (shapeshifter) (Elf:2)
  11 fire dragon skeletons (Crypt:3)
  14 wraiths
  An alligator skeleton (Hell)
  25 shadows
  12 small abominations
  A vampire (Abyss:3)
  8 wyverns
  A dire elephant simulacrum (Hell)
  71 yaks
  A hog (Lair:5)
  4 humans (Lair:5)
  28 water elementals
  9 ynoxinuls
  4 fire elementals
  An ice dragon skeleton (Crypt:2)
  5 steam dragons
  3 fire bats (Depths:1)
  9 basilisks
  A chaos spawn (Abyss:3)
  10 golden eyes
  6 vampire mosquitoes (Spider:2)
  2 death yak simulacra
  41 redbacks
  A naga zombie (Abyss:3)
  3 neqoxecs (Abyss:3)
  2 wargs
  Menkaure (D:4)
  2 nagas (Zig:9)
  An acid dragon (D:12)
  17 water moccasins
  2 floating eyes
  A naga skeleton (Hell)
  A floating eye (shapeshifter) (Vaults:1)
  3 elephant zombies (Lair:5)
  An ice beast (D:6)
  6 sky beasts (Depths:1)
  A black bear (Lair:1)
  28 orc warriors
  2 swamp drakes (Zig:10)
  A lindwurm zombie (Crypt:2)
  34 wolves
  11 centaurs
  7 boggarts
  32 ogres
  A wind drake simulacrum (Shoals:2)
  A hog skeleton (Crypt:1)
  A rime drake zombie (Crypt:1)
  A phantom (D:4)
  2 human skeletons (Vaults:2)
  2 necrophages (Crypt:1)
  A cyclops zombie (Crypt:1)
  A water nymph simulacrum (Shoals:2)
  18 bullfrogs
  2 gnoll sergeants
  A merfolk simulacrum (Shoals:2)
  4 earth elementals
  4 scorpions
  A two-headed ogre simulacrum (D:13)
  2 cane toad simulacra
  6 wights
  3 elephant simulacra (Lair:5)
  2 snapping turtle simulacra (Shoals:2)
  42 killer bees
  A manticore simulacrum (Shoals:2)
  3 howler monkeys
  5 electric eels
  A quasit (Abyss:3)
  4 hounds
  A jelly (shapeshifter) (Vaults:5)
  An iron imp (Abyss:3)
  6 jellies
  8 orc priests
  A gnoll bouda (Orc:1)
  A sleepcap (D:4)
  6 iguanas
  A troll simulacrum (D:13)
  4 lightning spires (Depths:1)
  12 orc wizards
  A spriggan simulacrum (D:13)
  An acid dragon zombie (Crypt:2)
  An acid dragon skeleton (Crypt:2)
  6 mummies (Crypt:3)
  14 gnolls
  10 adders
  3 naga simulacra (D:13)
  A river rat (Lair:4)
  A shadow imp (D:5)
  2 white imps (Abyss:3)
  2 ufetubi (Abyss:3)
  An adder zombie (Crypt:2)
  3 worms
  3 dart slugs
  54 orcs
  6 bats
  3 endoplasms
  A giant cockroach (D:2)
  10 goblins
  9 hobgoblins
  9 kobolds
  5 quokkas
  5 ball pythons
  2 frilled lizards
  A frilled lizard zombie (Crypt:1)
  A goblin zombie (Crypt:1)
  A jackal skeleton (Crypt:1)
  5 rats
  A ball lightning (Zig:11)
  A lurking horror (Abyss:3)
  2 starspawn tentacles (Abyss:3)
  A tentacle (Shoals:2)
3371 creatures vanquished.

Vanquished Creatures (collateral kills)
  An orb of fire (Zot:5)
  A Killer Klown (Zot:5)
  A profane servitor (Tar:7)
  An Orb Guardian (Zot:5)
  A putrid mouth (Tar:7)
  2 shadow wraiths (Tar:7)
7 creatures vanquished.

Vanquished Creatures (others)
  2 Ice Fiends (Zig:11)
  A demonspawn warmonger (Zig:11)
  A fire giant (Vaults:5)
  A demonspawn blood saint (Zig:11)
  A vault guard (Vaults:5)
  A deep elf knight (Elf:1)
  A deep elf zephyrmancer (Elf:1)
  A harpy (Shoals:4)
  A phantasmal warrior (Vaults:5)
  A smoke demon (Zig:11)
  A rime drake (Zig:10)
  A hellion (Zig:11)
  A boggart (Lair:4)
  14 ball lightnings
  12 foxfires (Abyss:3)
  6 starspawn tentacles (Abyss:3)
  9 tentacles
55 creatures vanquished.

Grand Total: 3433 creatures vanquished

Notes
Turn   | Place    | Note
-------+----------+-------------------------------------------
     0 | D:1      | Dawnplanks the Formicid Fighter began the quest for the
                  | Orb.
     0 | D:1      | Reached XP level 1. HP: 18/18 MP: 1/1
   152 | D:1      | Reached XP level 2. HP: 24/24 MP: 2/2
   456 | D:1      | Reached XP level 3. HP: 29/30 MP: 3/3
   970 | D:2      | Reached XP level 4. HP: 37/37 MP: 4/4
  1198 | D:2      | Found a runed translucent door.
  1199 | D:2      | Noticed Crazy Yiuf
  2001 | D:3      | Reached XP level 5. HP: 42/42 MP: 5/5
  2435 | D:4      | Noticed a phantom
  2452 | D:4      | Killed a phantom
  2453 | D:4      | Reached XP level 6. HP: 29/49 MP: 6/6
  2523 | D:4      | Noticed Menkaure
  2614 | D:4      | Killed Menkaure
  2835 | D:4      | Reached XP level 7. HP: 41/55 MP: 7/7
  3403 | D:5      | Entered Level 5 of the Dungeon
  3412 | D:5      | Reached skill level 5 in Long Blades
  3414 | D:5      | Reached skill level 1 in Dodging
  3734 | D:5      | Reached skill level 5 in Fighting
  3734 | D:5      | Reached skill level 5 in Armour
  3861 | D:5      | Reached skill level 5 in Shields
  3937 | D:5      | Reached XP level 8. HP: 59/62 MP: 8/8
  4578 | D:6      | Identified the +9 dagger of Dathryush {flame, rF+ Will+
                  | Str-3}
  5300 | D:6      | Reached XP level 9. HP: 52/68 MP: 9/9
  5355 | D:7      | Noticed Maggie
  5376 | D:7      | Killed Maggie
  5555 | D:7      | Found a blossoming altar of Fedhas.
  5672 | D:7      | Identified the +9 great sword "Fasahimy" {heavy, rElec
                  | Str-3 Dex+8}
  5820 | D:7      | Found a hide-covered altar of Uskayaw.
  5820 | D:7      | Found a stormy altar of Qazlal.
  5898 | D:7      | Found a staircase to the Ecumenical Temple.
  5925 | Temple   | Entered the Ecumenical Temple
  5976 | Temple   | Became a worshipper of Warmaster Okawaru
  6190 | D:8      | Reached * piety under Okawaru
  6191 | D:8      | Reached skill level 1 in Ranged Weapons
  6192 | D:8      | Noticed a hornet
  6196 | D:8      | Killed a hornet
  6197 | D:8      | Reached XP level 10. HP: 77/77 MP: 10/10
  6950 | D:9      | Reached skill level 10 in Long Blades
  6959 | D:9      | Reached ** piety under Okawaru
  6973 | D:9      | Found the +5 robe of Night {Dark Will+ SInv}
  7305 | D:9      | Reached *** piety under Okawaru
  7417 | D:9      | Reached XP level 11. HP: 80/84 MP: 11/11
  7663 | D:10     | Entered Level 10 of the Dungeon
  7663 | D:10     | Found a transporter.
  7767 | D:10     | Found a transporter.
  7770 | D:10     | Noticed a great orb of eyes
  7771 | D:10     | Found a viscous altar of Jiyva.
  7788 | D:10     | Found a flagged portal.
  7804 | Bailey   | Entered a bailey
  7877 | Bailey   | Noticed an orc knight
  7881 | Bailey   | Killed an orc knight
  7881 | Bailey   | Reached **** piety under Okawaru
  7891 | Bailey   | Found a large runed translucent door.
  7891 | Bailey   | Found a large runed translucent door.
  7914 | Bailey   | Noticed a deep elf zephyrmancer
  8008 | Bailey   | Killed a deep elf zephyrmancer
  8016 | Bailey   | Identified the +11 trident "Megeeh" {flame, rElec rF+}
  8017 | Bailey   | Identified the +7 plate armour of the Shoals {Int+3 SInv}
  8254 | D:10     | Noticed Lodul
  8271 | D:10     | Reached skill level 1 in Invocations
  8273 | D:10     | Killed Lodul
  8499 | D:10     | Found a radiant altar of Vehumet.
  8870 | D:11     | Found a staircase to the Orcish Mines.
  8873 | D:11     | Reached ***** piety under Okawaru
  8933 | D:11     | Reached XP level 12. HP: 83/92 MP: 13/13
  8961 | D:11     | Found a staircase to the Lair.
  8962 | D:11     | Noticed a two-headed ogre
  8978 | D:11     | Killed a two-headed ogre
  9179 | D:11     | Reached skill level 10 in Shields
  9266 | D:11     | Noticed a tengu warrior
  9276 | D:11     | Killed a tengu warrior
  9323 | D:11     | Noticed a two-headed ogre
  9328 | D:11     | Killed a two-headed ogre
  9668 | Lair:1   | Entered Level 1 of the Lair of Beasts
  9743 | Lair:1   | Noticed a death yak
  9743 | Lair:1   | Noticed a death yak
  9763 | Lair:1   | Killed a death yak
  9772 | Lair:1   | Killed a death yak
  9775 | Lair:1   | Identified the +2 kite shield "Bysex" {+Blink} (Okawaru
                  | gifted it to you on level 1 of the Lair of Beasts)
  9775 | Lair:1   | Received a gift from Okawaru
 10826 | Lair:2   | Identified the +3 whip of the Pariah {heavy, Contam Str+5}
 10856 | Lair:2   | Found a staircase to the Shoals.
 10863 | Lair:2   | Reached XP level 13. HP: 100/100 MP: 15/15
 10871 | Lair:2   | Found a hole to the Spider Nest.
 11287 | Lair:2   | Reached skill level 10 in Armour
 11563 | Lair:3   | Noticed an eight-headed hydra
 11575 | Lair:3   | Killed a nine-headed hydra
 11746 | Lair:3   | Noticed a six-headed hydra
 11768 | Lair:3   | Killed a six-headed hydra
 11777 | Lair:3   | Reached ****** piety under Okawaru
 12393 | Lair:4   | Noticed a six-headed hydra
 12404 | Lair:4   | Killed a six-headed hydra
 12405 | Lair:4   | Reached skill level 10 in Fighting
 12849 | Lair:4   | Received a gift from Okawaru
 12873 | Lair:4   | Reached XP level 14. HP: 101/110 MP: 16/16
 12883 | Lair:4   | Reached skill level 15 in Long Blades
 13984 | Lair:4   | Received a gift from Okawaru
 14270 | Lair:5   | Entered Level 5 of the Lair of Beasts
 14287 | Lair:4   | Reached skill level 15 in Shields
 14457 | Lair:5   | Found a staircase to the Slime Pits.
 14482 | Lair:5   | Noticed Kirke
 14490 | Lair:5   | Killed Kirke
 14677 | Lair:5   | Noticed a dire elephant
 14679 | Lair:5   | Noticed a dire elephant
 14835 | Lair:5   | Reached XP level 15. HP: 95/118 MP: 17/17
 15167 | Lair:5   | Identified the +2 robe of the Sacrificial Victim {Will+
                  | Str+3} (Okawaru gifted it to you on level 5 of the Lair of
                  | Beasts)
 15167 | Lair:5   | Received a gift from Okawaru
 17308 | Orc:1    | Entered Level 1 of the Orcish Mines
 17324 | Orc:1    | Found Qaat's Assorted Antiques.
 17328 | Orc:1    | Found Teirog's Distillery.
 17339 | Orc:1    | Bought a potion of mutation for 128 gold pieces
 17339 | Orc:1    | Gained mutation: You are strong-willed. (Will+) [potion of
                  | mutation]
 17339 | Orc:1    | Gained mutation: You are dopey. (Int -2) [potion of
                  | mutation]
 17339 | Orc:1    | Gained mutation: You are partially covered in large bone
                  | plates. (SH +4) [potion of mutation]
 17339 | Orc:1    | Gained mutation: You have large cloven feet. [potion of
                  | mutation]
 17376 | Orc:1    | Found Lidesi's Assorted Antiques.
 17404 | Orc:1    | Bought a scorched chain mail for 275 gold pieces
 17404 | Orc:1    | Identified the +0 chain mail of Hysteria {Will+} (You
                  | bought it in a shop on level 1 of the Orcish Mines)
 17427 | Orc:1    | Bought a potion of degeneration for 16 gold pieces
 17435 | Orc:1    | Bought a scroll of identify for 52 gold pieces
 17740 | Orc:2    | Entered Level 2 of the Orcish Mines
 17783 | Orc:2    | Reached XP level 16. HP: 102/127 MP: 12/19
 17790 | Orc:2    | Identified the +0 acid dragon scales of Gest {rN+ rCorr
                  | Dex+4} (Okawaru gifted it to you on level 2 of the Orcish
                  | Mines)
 17790 | Orc:2    | Received a gift from Okawaru
 17819 | Orc:2    | Found Humm's Vocational Training.
 17829 | Orc:2    | Found Jimy's General Store.
 17847 | Orc:2    | Found Kadawn's Weapon Shop.
 17876 | Orc:2    | Found a staircase to the Elven Halls.
 17881 | Orc:2    | Found Ohairora's Antique Armour Emporium.
 17893 | Orc:2    | Found a gate leading to a gauntlet.
 17923 | Orc:2    | Bought a pair of runed boots for 187 gold pieces
 17960 | Gauntlet | Entered a Gauntlet
 17960 | Gauntlet | Found a transporter.
 17960 | Gauntlet | Found a transporter.
 17972 | Gauntlet | Found a transporter.
 17989 | Gauntlet | Found a transporter.
 17990 | Gauntlet | Found a transporter.
 17990 | Gauntlet | Found a transporter.
 17992 | Gauntlet | Found a transporter.
 17992 | Gauntlet | Found a transporter.
 18005 | Gauntlet | Found a transporter.
 18023 | Gauntlet | Found a transporter.
 18030 | Gauntlet | Found a transporter.
 18044 | Gauntlet | Found a transporter.
 18064 | Gauntlet | Found a transporter.
 18065 | Gauntlet | Found a runed translucent door.
 18071 | Gauntlet | Found a runed translucent gate.
 18071 | Gauntlet | Found a runed translucent gate.
 18071 | Gauntlet | Found a runed translucent gate.
 18077 | Gauntlet | Found a transporter.
 18577 | Gauntlet | Identified the +1 ring mail "Ynor" {rN+ MP+9}
 18578 | Gauntlet | Identified the amulet of Lies {Spirit Harm rElec Str-4
                  | Stlth-}
 18652 | Gauntlet | Identified the +1 long sword "Canwar" {protect, Will+ Str+2
                  | Int+5}
 18652 | Gauntlet | Identified the +0 robe of the Onion {rPois Int+2 Dex+3}
 18847 | Orc:2    | Found Usefi's Antique Weapon Shoppe.
 18858 | Orc:2    | Found Geisi's Antique Weapon Boutique.
 18963 | Orc:2    | Bought a manual of Invocations for 880 gold pieces
 19293 | D:13     | Found a frozen archway.
 19329 | IceCv    | Entered an ice cave
 19949 | IceCv    | Reached skill level 5 in Invocations
 20816 | D:13     | Received a gift from Okawaru
 20893 | D:13     | Reached XP level 17. HP: 111/136 MP: 21/21
 21187 | D:13     | Found a gate to the Vaults.
 21529 | D:14     | Found a portal to a secret trove of treasure.
 21909 | D:14     | Found a snail-covered altar of Cheibriados.
 22241 | D:15     | Entered Level 15 of the Dungeon
 22643 | D:15     | Found a staircase to the Depths.
 22815 | D:15     | Found Guqac's Neck Hole.
 23014 | Spider:1 | Entered Level 1 of the Spider Nest
 23189 | Spider:1 | Noticed Aizul
 23196 | Spider:1 | Killed Aizul
 23196 | Spider:1 | Identified the +2 pair of boots of Ethereal Lucidity {rPois
                  | Dex+4 Slay+2} (Okawaru gifted it to you on level 1 of the
                  | Spider Nest)
 23196 | Spider:1 | Received a gift from Okawaru
 23520 | Spider:1 | Identified the +0 dagger "Gujunn" {flame, rF+ rC+}
 23747 | Spider:2 | Reached skill level 10 in Invocations
 23938 | Spider:2 | Reached XP level 18. HP: 145/145 MP: 25/25
 24450 | Spider:2 | Found a runed translucent door.
 24520 | Spider:2 | Received a gift from Okawaru
 24528 | Spider:2 | Identified the +1 scale mail of Yesterday {Str+3}
 24764 | Spider:3 | Identified the +4 shortbow "Tosm" {drain, Str+6} (Okawaru
                  | gifted it to you on level 3 of the Spider Nest)
 24764 | Spider:3 | Received a gift from Okawaru
 25738 | Spider:4 | Entered Level 4 of the Spider Nest
 25998 | Spider:4 | Identified the orb of Past Mistakes {*channel, -Tele rElec
                  | Regen+ Dex+3}
 26079 | Spider:4 | Received a gift from Okawaru
 26435 | Arena    | Entered the Arena
 26471 | Spider:4 | Received a gift from Okawaru
 26489 | Spider:4 | Reached XP level 19. HP: 41/153 MP: 22/28
 27304 | Spider:4 | Got a gossamer rune of Zot
 27305 | Spider:4 | Identified the +1 hat of the Wumpus {Will+ Regen+ Str-2}
 27670 | Vaults:1 | Entered Level 1 of the Vaults
 27754 | Vaults:1 | Identified the scarf of the Jolly Wonders {harm, rC+ Str-4
                  | Int+6} (Okawaru gifted it to you on level 1 of the Vaults)
 27754 | Vaults:1 | Received a gift from Okawaru
 28285 | Vaults:1 | Reached skill level 15 in Fighting
 28285 | Vaults:1 | Reached skill level 15 in Invocations
 28391 | Vaults:1 | Found a runed translucent gate.
 28391 | Vaults:1 | Found an opulent altar of Gozag.
 28391 | Vaults:1 | Found a runed translucent gate.
 28392 | Vaults:1 | Found a runed translucent gate.
 28392 | Vaults:1 | Noticed Dega's ghost (adept SpHu)
 28612 | Vaults:1 | Noticed Saint Roka
 28632 | Vaults:1 | Reached XP level 20. HP: 150/159 MP: 31/31
 28650 | Vaults:1 | Killed Saint Roka
 29231 | Vaults:2 | Found a crumbling gateway.
 29373 | Vaults:2 | Found Mam Icomos's Assorted Antiques.
 29451 | Desolati | Entered the Desolation of Salt
 29571 | Desolati | Received a gift from Okawaru
 30149 | Desolati | Identified the +0 spear "Newtslayer" {vamp, rElec Str+4}
 30321 | Desolati | Identified the +6 shortbow of Extermination {freeze, Will+
                  | Int+2}
 30707 | Desolati | Received a gift from Okawaru
 30974 | Desolati | Got the Omnibus of Changing
 31117 | Desolati | Identified the +0 hat "Juddaalo" {Regen+ Str+2}
 31183 | Desolati | Got Sif Muna's Directory of the Gang
 31214 | Vaults:2 | Reached XP level 21. HP: 163/171 MP: 33/33
 32109 | Vaults:2 | Found a staircase to the Crypt.
 32109 | Vaults:2 | Found an ancient bone altar of Kikubaaqudgha.
 32109 | Vaults:2 | Found a basalt altar of Yredelemnul.
 32531 | Vaults:2 | Identified the +3 double sword of Rationality {elec,
                  | *Corrode Fly Int+2 Stlth+} (Okawaru gifted it to you on
                  | level 2 of the Vaults)
 32531 | Vaults:2 | Received a gift from Okawaru
 33007 | Vaults:3 | Found Udyefe's Magic Scroll Shoppe.
 33040 | Vaults:3 | Noticed Boris
 33072 | Arena    | Entered the Arena
 33074 | Arena    | Killed Boris
 33074 | Arena    | Identified the +3 scimitar of the Volcano {drain, +Blink
                  | rC- rCorr Dex+3} (Okawaru gifted it to you in the Arena)
 33074 | Arena    | Received a gift from Okawaru
 33108 | Vaults:3 | Reached XP level 22. HP: 84/180 MP: 34/34
 33783 | Vaults:3 | Found a runed translucent door.
 33828 | Vaults:3 | Received a gift from Okawaru
 33837 | Vaults:3 | Identified the staff of the Clean God {rElec Will++ rCorr
                  | Str-2 Dex+3 Air}
 33851 | Vaults:3 | Identified the +3 whip "Yloexow" {flame, Contam MP+9 Str+2}
 34168 | Vaults:4 | Identified the +7 plate armour "Poruuxt" {rElec rPois rF+++
                  | Dex-4} (Okawaru gifted it to you on level 4 of the Vaults)
 34168 | Vaults:4 | Received a gift from Okawaru
 34419 | Vaults:4 | Found Tiughoby's Book Shoppe.
 34856 | Vaults:4 | Found Gumutall's Book Boutique.
 34871 | Vaults:4 | Found Magad's Jewellery Emporium.
 34908 | Vaults:4 | Reached skill level 27 in Shields
 35318 | Shoals:1 | Entered Level 1 of the Shoals
 35390 | Shoals:1 | Identified the +1 rapier of Overwhelming Force {venom,
                  | Fragile rCorr Stlth+}
 35395 | Shoals:1 | Found a broken altar of Ashenzari.
 35697 | Shoals:1 | Reached skill level 5 in Dodging
 36274 | Shoals:2 | Found a runed translucent gate.
 36275 | Shoals:2 | Found a runed translucent gate.
 36276 | Shoals:2 | Found a runed translucent gate.
 36284 | Shoals:2 | Noticed Ojuonoci's ghost (adept DsWn)
 36294 | Shoals:2 | Killed Ojuonoci's ghost
 36296 | Shoals:2 | Reached XP level 23. HP: 190/190 MP: 35/35
 36384 | Shoals:2 | Received a gift from Okawaru
 37211 | Shoals:3 | Reached skill level 15 in Armour
 37471 | Arena    | Entered the Arena
 37970 | Shoals:4 | Entered Level 4 of the Shoals
 38350 | Shoals:4 | Identified the +0 fire dragon scales of Ceses {-Cast rF++
                  | rC- Dex+7} (Okawaru gifted it to you on level 4 of the
                  | Shoals)
 38350 | Shoals:4 | Received a gift from Okawaru
 38557 | Shoals:4 | Got a barnacled rune of Zot
 38558 | Shoals:4 | Identified the staff "Goigg" {rElec MP-9 Int+7 Conj}
 39592 | Elf:1    | Entered Level 1 of the Elven Halls
 40433 | Elf:1    | Reached XP level 24. HP: 91/202 MP: 35/35
 40966 | Elf:1    | Got the Disquisition on Force and Companions
 41105 | Elf:2    | Found Neopp's Assorted Antiques.
 41114 | Elf:2    | Found Xujomput's Jewellery Shoppe.
 41198 | Elf:2    | Found Ohai's Armour Shoppe.
 41203 | Elf:2    | Bought the +0 pair of fencer's gloves {Riposte Dex+3} for
                  | 520 gold pieces
 41203 | Elf:2    | Found the +0 pair of fencer's gloves {Riposte Dex+3}
 41510 | Elf:2    | Found a runed translucent gate.
 41510 | Elf:2    | Found a runed translucent gate.
 41510 | Elf:2    | Found a runed translucent gate.
 41831 | Elf:2    | Identified the +1 robe "Cureatue" {Rampage rElec Int-3
                  | Dex+4} (Okawaru gifted it to you on level 2 of the Elven
                  | Halls)
 41831 | Elf:2    | Received a gift from Okawaru
 42149 | Depths:1 | Entered Level 1 of the Depths
 42389 | Depths:1 | Found a burning altar of Makhleb.
 42423 | Depths:1 | Found a one-way gateway to a ziggurat.
 42605 | Depths:1 | Found a runed translucent door.
 42825 | Depths:1 | Found a gateway to Hell.
 43086 | Depths:2 | Found Keshiodd's General Store.
 43093 | Depths:2 | Found Toemp's Magic Scroll Emporium.
 43115 | Depths:2 | Found a one-way gate leading to the halls of Pandemonium.
 43166 | Depths:2 | Noticed the Enchantress
 43168 | Arena    | Entered the Arena
 43172 | Arena    | Killed the Enchantress
 43197 | Depths:2 | Noticed Grunn
 43213 | Depths:2 | Killed Grunn
 43217 | Depths:2 | Identified the ring "Tavicwok" {Ice Int+6 Stlth-}
 43217 | Depths:2 | Noticed Josephina
 43223 | Depths:2 | Killed Josephina
 43470 | Depths:2 | Noticed Vv
 43479 | Depths:2 | Killed Vv
 43510 | Depths:2 | Found a sparkling altar of Nemelex Xobeh.
 43543 | Depths:2 | Found Ireas's Armour Boutique.
 43568 | Depths:2 | Identified the +7 crystal plate armour of the Depths
                  | {Int+3} (Okawaru gifted it to you on level 2 of the Depths)
 43568 | Depths:2 | Received a gift from Okawaru
 43569 | Depths:2 | Reached XP level 25. HP: 212/212 MP: 35/35
 44094 | Depths:3 | Found a one-way gate to the infinite horrors of the Abyss.
 44159 | Depths:3 | Noticed a caustic shrike
 44164 | Depths:3 | Killed a caustic shrike
 44337 | Depths:3 | Noticed a juggernaut
 44343 | Depths:3 | Killed a juggernaut
 45225 | Depths:3 | Noticed Boris
 45229 | Depths:3 | Killed Boris
 45383 | Depths:4 | Entered Level 4 of the Depths
 45747 | Depths:4 | Found a gate to the Realm of Zot.
 45788 | Depths:4 | Found Keapt's Antique Armour Boutique.
 45803 | Depths:4 | Received a gift from Okawaru
 45957 | Depths:4 | Noticed Mennas
 45969 | Depths:4 | Killed Mennas
 46925 | Elf:3    | Entered Level 3 of the Elven Halls
 46925 | Elf:3    | Found Zeschaim's Magic Scroll Shop.
 46946 | Elf:3    | Found Xaquf's Assorted Antiques.
 47050 | Elf:3    | Found Urefo's Book Shoppe.
 47174 | Elf:3    | Found Xoriupp's Antique Armour Shop.
 47368 | Elf:3    | Found Ubukk's Jewellery Emporium.
 47460 | Elf:3    | Reached XP level 26. HP: 204/225 MP: 31/36
 47479 | Elf:3    | Noticed Asterion
 47486 | Elf:3    | Killed Asterion
 47616 | Elf:3    | Identified the +10 dagger "Goblinbane" {elec, rC+}
 47739 | Elf:3    | Identified the amulet of Fucusuac {Spirit rC+ Dex+3}
 47743 | Elf:3    | Identified the +3 spear of Makhleb's Hatred {elec, Int+2}
 47746 | Elf:3    | Identified the +2 plate armour of Entitlement {+Inv Str+3
                  | Int-5 Stlth+}
 47818 | Elf:3    | Identified the ring of Liulugh {rPois SInv}
 48354 | Vaults:1 | Killed Dega's ghost
 48539 | Vaults:5 | Entered Level 5 of the Vaults
 48559 | Vaults:5 | Noticed Boris
 48560 | Vaults:5 | Noticed a dread lich
 48565 | Vaults:5 | Killed Boris
 48566 | Vaults:5 | Killed a dread lich
 48610 | Vaults:5 | Identified the ring "Bihy" {rElec rF+ Int+3}
 49009 | Vaults:5 | Got a silver rune of Zot
 49018 | Vaults:5 | Identified the +2 hand axe of Infection {holy, rElec rN+}
 49068 | Vaults:5 | Identified the +7 scimitar of Coweulog {vamp, Will+ Str+3}
                  | (Okawaru gifted it to you on level 5 of the Vaults)
 49068 | Vaults:5 | Received a gift from Okawaru
 49254 | Vaults:5 | Identified the +0 robe of Dishonour {-Cast Int-3 Dex+8}
 49351 | Vaults:5 | Identified the +3 shortbow "Nil Coti" {drain, rC+ Dex+6}
 49379 | Vaults:5 | Reached XP level 27. HP: 235/237 MP: 36/36
 49384 | Vaults:5 | Noticed a dread lich
 49391 | Vaults:5 | Killed a dread lich
 49423 | Vaults:5 | Identified the +10 flail of Causality {heavy, rN++ rCorr
                  | Dex-5 Stlth+}
 49680 | Vaults:5 | Identified the +0 pair of boots of Submission {rN+ Str+3
                  | Int-4}
 49686 | Vaults:5 | Identified the +5 rapier "Olut" {elec, rElec Str+4}
 49718 | Vaults:5 | Identified the +2 quarterstaff "Hino" {vamp, Will++ Str+3}
 50110 | Elf:3    | Bought a scroll of enchant armour for 150 gold pieces
 50364 | Depths:2 | Bought a scroll of enchant armour for 135 gold pieces
 50370 | Depths:2 | Bought a scroll of enchant armour for 135 gold pieces
 50444 | Zot:1    | Entered Level 1 of the Realm of Zot
 50499 | Zot:1    | Received a gift from Okawaru
 50500 | Zot:1    | Found the +3 pair of seven-league boots {Rampage+∞}
 51125 | Zot:1    | Found Fysisy Tobya's CLEARANCE SALE!.
 51135 | Zot:1    | Bought a potion of might for 24 gold pieces
 52900 | Zot:2    | Identified the +3 pair of boots of Roivyojie {Will++ Int-4
                  | Slay+6} (Okawaru gifted it to you on level 2 of the Realm
                  | of Zot)
 52900 | Zot:2    | Received a gift from Okawaru
 52990 | Zot:2    | Reached skill level 27 in Long Blades
 53792 | Zot:3    | Identified the +7 hand axe of the Nurturing Tiger
                  | {antimagic, Dex+5}
 54200 | Zot:3    | Identified the +0 scale mail of Terror {rElec Stlth+}
 54207 | Zot:3    | Noticed a Killer Klown
 54218 | Zot:3    | Killed a Killer Klown
 55332 | Zot:4    | Noticed an orb of fire
 55337 | Zot:4    | Killed an orb of fire
 55478 | Zot:4    | Noticed an orb of fire
 55485 | Zot:4    | Killed an orb of fire
 55591 | Zot:4    | Got the Discourse on Unholy Tephra
 56455 | Slime:1  | Entered Level 1 of the Pits of Slime
 56478 | Slime:1  | Received a gift from Okawaru
 56546 | Slime:2  | Reached skill level 27 in Fighting
 56635 | Slime:5  | Entered Level 5 of the Pits of Slime
 56637 | Slime:5  | Gained mutation: You are frail. (-10% HP) [a shining eye]
 57184 | Slime:5  | Gained mutation: You are very dopey. (Int -4) [a shining
                  | eye]
 57343 | Slime:5  | Found a viscous altar of Jiyva.
 57345 | Slime:5  | Found the amulet of the Air {Inacc Air Fly rElec RMsl}
 57414 | Slime:5  | Noticed the Royal Jelly
 57422 | Slime:5  | Killed the Royal Jelly
 57448 | Slime:5  | Gained mutation: Your body sometimes deteriorates upon
                  | taking damage. [a shining eye]
 57638 | Slime:5  | Lost mutation: You are very dopey. (Int -4) [potion of
                  | mutation]
 57638 | Slime:5  | Lost mutation: You are strong-willed. (Will+) [potion of
                  | mutation]
 57638 | Slime:5  | Lost mutation: You are partially covered in large bone
                  | plates. (SH +4) [potion of mutation]
 57638 | Slime:5  | Gained mutation: You are partially covered in iridescent
                  | scales. (AC +2) [potion of mutation]
 57638 | Slime:5  | Lost mutation: You are dopey. (Int -2) [potion of mutation]
 57638 | Slime:5  | Lost mutation: You are frail. (-10% HP) [potion of
                  | mutation]
 57639 | Slime:5  | Lost mutation: You are partially covered in iridescent
                  | scales. (AC +2) [potion of mutation]
 57639 | Slime:5  | Lost mutation: You have large cloven feet. [potion of
                  | mutation]
 57639 | Slime:5  | Lost mutation: Your body sometimes deteriorates upon taking
                  | damage. [potion of mutation]
 57639 | Slime:5  | Gained mutation: You are agile. (Dex +4, Str/Int -1)
                  | [potion of mutation]
 57719 | Slime:5  | Identified the ring "Unucoph" {rF+ Str+4}
 57732 | Slime:5  | Identified the +3 leather armour of the Jabberwock {rPois
                  | rN+ Int+2 Stlth+}
 57772 | Slime:5  | Identified the +1 tower shield "Onnuong" {rPois Int+4}
 57779 | Slime:5  | Got a slimy rune of Zot
 57780 | Slime:5  | Identified the +5 chain mail of Sif Muna's Wrath {Int+2}
 57786 | Slime:5  | Got the Parchment of Foul Glaciation
 57833 | Slime:5  | Identified the +1 pair of boots of Impatience {rF++ Str-3
                  | Dex+4}
 58254 | Temple   | Fell from the grace of Okawaru
 58254 | Temple   | Became a worshipper of the Shining One
 58509 | Crypt:1  | Entered Level 1 of the Crypt
 58552 | Crypt:1  | Reached * piety under the Shining One
 58592 | Crypt:1  | Reached ** piety under the Shining One
 58785 | Crypt:1  | Reached *** piety under the Shining One
 58855 | Crypt:1  | Reached **** piety under the Shining One
 58873 | Crypt:1  | Learned a level 2 spell: Wereblood
 58878 | Crypt:1  | Learned a level 4 spell: Manifold Assault
 58930 | Crypt:1  | Noticed Frederick
 58940 | Crypt:1  | Killed Frederick
 58949 | Crypt:1  | Reached ***** piety under the Shining One
 59240 | Crypt:1  | Reached ****** piety under the Shining One
 59328 | Crypt:1  | Identified a +9 triple sword of holy wrath (a +7 triple
                  | sword of flaming blessed by the Shining One)
 59328 | Crypt:1  | Received a gift from the Shining One
 59959 | Crypt:2  | Identified the +1 robe of Fyon {rElec Str-3 Archmagi}
 60096 | Crypt:2  | Identified the +0 leather armour of the Circus Animal {rN+
                  | Dex-2 SInv}
 60297 | Crypt:3  | Entered Level 3 of the Crypt
 61027 | Crypt:3  | Identified the +0 leather armour of Polish {+Blink}
 61104 | Crypt:3  | Reached skill level 1 in Spellcasting
 61126 | Crypt:3  | Identified the +9 battleaxe of the Wolf {heavy, Fly rElec
                  | rN++ Int-4}
 61234 | Crypt:3  | Found a staircase to the Tomb.
 61362 | Crypt:3  | Identified the +3 scale mail "Itwaakol" {rC+ rCorr Str+3
                  | Int+3}
 61485 | Crypt:3  | Was forgiven by Okawaru
 61658 | Crypt:3  | Found an ancient bone altar of Kikubaaqudgha.
 61699 | Crypt:3  | Noticed a dread lich
 61703 | Crypt:3  | Killed a dread lich
 62526 | Zot:5    | Entered Level 5 of the Realm of Zot
 62634 | Zot:5    | Found Punuy's Last-Chance Deals.
 62640 | Zot:5    | Bought the +1 quick blade of Asiujey {heavy, rF++ rC++ rN+}
                  | for 1 gold piece
 62640 | Zot:5    | Bought the +2 longbow of Ignis, Scorching {antimagic, Fly
                  | rElec Will- SInv} for 1 gold piece
 62640 | Zot:5    | Bought the ring of the Thistle {rPois rF+ Str-2 Dex+2} for
                  | 1 gold piece
 62640 | Zot:5    | Bought the +8 longbow of Laimp {flame, rC+} for 1 gold
                  | piece
 62640 | Zot:5    | Bought the +1 quick blade of Misery {flame, Fly} for 1 gold
                  | piece
 62640 | Zot:5    | Bought the +2 robe of the Hurricane {rElec rN+ Archmagi}
                  | for 1 gold piece
 62640 | Zot:5    | Bought the ring of Mistrust {Contam +Blink AC+4 Str+3} for
                  | 1 gold piece
 63112 | Zot:5    | Noticed a dread lich
 63114 | Zot:5    | Noticed an ancient lich
 63116 | Zot:5    | Killed a dread lich
 63118 | Zot:5    | Noticed an orb of fire
 63120 | Zot:5    | Gained mutation: Potions are less effective at restoring
                  | your health. [an orb of fire]
 63120 | Zot:5    | Noticed a Killer Klown
 63121 | Zot:5    | Noticed an orb of fire
 63122 | Zot:5    | Killed an ancient lich
 63122 | Zot:5    | Noticed an orb of fire
 63130 | Zot:5    | Killed an orb of fire
 63134 | Zot:5    | Killed an orb of fire
 63136 | Zot:5    | Reached skill level 5 in Spellcasting
 63136 | Zot:5    | Gained mutation: Your body sometimes deteriorates upon
                  | taking damage. [an orb of fire]
 63138 | Zot:5    | HP: 10/249 [orb of fire/bolt of fire (15)]
 63140 | Zot:5    | Gained mutation: You occasionally lose the ability to read
                  | scrolls when taking damage. [an orb of fire]
 63142 | Zot:5    | Gained mutation: You are weak. (Str -2) [an orb of fire]
 63157 | Zot:5    | Killed an orb of fire
 63191 | Zot:5    | Killed a Killer Klown
 63511 | Zot:5    | Noticed an ancient lich
 63514 | Zot:5    | Killed an ancient lich
 63602 | Zot:5    | Noticed an ancient lich
 63612 | Zot:5    | Noticed a Killer Klown
 63615 | Zot:5    | Killed an ancient lich
 63616 | Zot:5    | Reached skill level 27 in Armour
 63620 | Zot:5    | a Killer Klown changed into a tyrant leech
 63652 | Zot:5    | Lost mutation: Your body sometimes deteriorates upon taking
                  | damage. [potion of mutation]
 63652 | Zot:5    | Lost mutation: Potions are less effective at restoring your
                  | health. [potion of mutation]
 63652 | Zot:5    | Gained mutation: You are covered in fur. (AC +1) [potion of
                  | mutation]
 63652 | Zot:5    | Gained mutation: Your movements are slightly less
                  | encumbered by armour. (ER -2) [potion of mutation]
 63652 | Zot:5    | Gained mutation: You occasionally lose the ability to drink
                  | potions when taking damage. [potion of mutation]
 63653 | Zot:5    | Lost mutation: You are weak. (Str -2) [potion of mutation]
 63653 | Zot:5    | Lost mutation: You are agile. (Dex +4, Str/Int -1) [potion
                  | of mutation]
 63653 | Zot:5    | Lost mutation: You are covered in fur. (AC +1) [potion of
                  | mutation]
 63653 | Zot:5    | Gained mutation: Your system is resistant to poisons.
                  | (rPois) [potion of mutation]
 63654 | Zot:5    | Lost mutation: Your movements are slightly less encumbered
                  | by armour. (ER -2) [potion of mutation]
 63654 | Zot:5    | Lost mutation: You occasionally lose the ability to read
                  | scrolls when taking damage. [potion of mutation]
 63654 | Zot:5    | Lost mutation: You occasionally lose the ability to drink
                  | potions when taking damage. [potion of mutation]
 63654 | Zot:5    | Gained mutation: You possess an exceptional clarity of
                  | mind. [potion of mutation]
 63676 | Zot:5    | Noticed a Killer Klown
 63682 | Zot:5    | Killed a Killer Klown
 63685 | Zot:5    | Noticed an ancient lich
 63691 | Zot:5    | Killed an ancient lich
 63742 | Zot:5    | Noticed an ancient lich
 63754 | Zot:5    | Killed an ancient lich
 64064 | Zot:5    | Noticed an ancient lich
 64072 | Zot:5    | Killed an ancient lich
 64111 | Zot:5    | Noticed an orb of fire
 64126 | Zot:5    | Killed an orb of fire
 64384 | Zot:5    | Noticed a dread lich
 64391 | Zot:5    | Killed a dread lich
 64502 | Zot:5    | Noticed a dread lich
 64512 | Zot:5    | Killed a dread lich
 64828 | Hell     | Entered the Vestibule of Hell
 64828 | Hell     | Noticed Geryon
 64841 | Hell     | Reached skill level 1 in Transmutations
 64842 | Hell     | Reached skill level 1 in Translocations
 64855 | Hell     | Killed Geryon
 64946 | Hell     | Found a gateway to the Iron City of Dis.
 65040 | Hell     | Found a gateway to the freezing wastes of Cocytus.
 65171 | Hell     | Found a gateway to the decaying netherworld of Tartarus.
 65259 | Hell     | Found a gateway to the ashen valley of Gehenna.
 65457 | Depths:4 | Voluntarily entered the Abyss.
 65593 | Abyss:3  | Found a corrupted altar of Lugonu.
 65776 | Abyss:3  | Found a corrupted altar of Lugonu.
 65785 | Abyss:3  | Gained mutation: You are very frail. (-20% HP) [a neqoxec]
 66025 | Abyss:3  | Found a corrupted altar of Lugonu.
 66099 | Abyss:3  | Got an abyssal rune of Zot
 66381 | Depths:4 | Escaped the Abyss
 66385 | Depths:4 | Lost mutation: Your system is resistant to poisons. (rPois)
                  | [potion of mutation]
 66385 | Depths:4 | Lost mutation: You possess an exceptional clarity of mind.
                  | [potion of mutation]
 66385 | Depths:4 | Gained mutation: Your body sometimes deteriorates upon
                  | taking damage. [potion of mutation]
 66385 | Depths:4 | Gained mutation: You expend magic power (3 MP) to
                  | strengthen your wands. [potion of mutation]
 66386 | Depths:4 | Lost mutation: You are frail. (-10% HP) [potion of
                  | mutation]
 66386 | Depths:4 | Lost mutation: Your body sometimes deteriorates upon taking
                  | damage. [potion of mutation]
 66386 | Depths:4 | Gained mutation: You are agile. (Dex +4, Str/Int -1)
                  | [potion of mutation]
 66386 | Depths:4 | Lost mutation: You expend magic power (3 MP) to strengthen
                  | your wands. [potion of mutation]
 66386 | Depths:4 | Gained mutation: You have sharp fingernails. [potion of
                  | mutation]
 66811 | Orc:2    | Bought the ring "Ywucs" {+Blink rElec Will+ Int+6} for 876
                  | gold pieces
 67102 | Tar:1    | Entered Level 1 of Tartarus
 67137 | Tar:1    | Reached skill level 5 in Transmutations
 67794 | Tar:3    | Reached skill level 5 in Translocations
 68083 | Tar:4    | Reached skill level 10 in Spellcasting
 68201 | Tar:4    | Noticed a dread lich
 68205 | Tar:4    | Killed a dread lich
 68843 | Tar:7    | Entered Level 7 of Tartarus
 69214 | Tar:7    | Reached skill level 27 in Invocations
 70110 | Tar:7    | Noticed Ereshkigal
 70125 | Tar:7    | Killed Ereshkigal
 70143 | Tar:7    | Got a bone rune of Zot
 70356 | Tar:7    | Identified the +0 pair of boots "Unoomn" {Harm Int+2}
 70476 | Tar:7    | Identified the +10 orcbow of a Labyrinth {drain, SInv}
 70956 | Tar:7    | Reached skill level 10 in Dodging
 71421 | Tar:7    | Identified the +6 dagger of Valiance {venom, *Rage Will+
                  | Int+3}
 71740 | Tar:7    | Identified the +2 robe of Beauty {rElec rC+}
 71764 | Tar:7    | Identified the +0 orcbow of Expedience {flame, rF+ rC+
                  | Will-}
 71765 | Tar:7    | Identified the +9 war axe of the Volcano {speed, rF+ rN+}
 71836 | Tar:7    | Identified the +1 quarterstaff "Giantbane" {antimagic,
                  | rPois rCorr}
 71918 | Tar:7    | Identified the +0 chain mail of Lugonu's Inspiration {rPois
                  | rF+ rC- SInv}
 71932 | Tar:7    | Identified the ring of Ketuol Daruss {Ice rN+ Str+4}
 72444 | Zig:1    | Entered Level 1 of a ziggurat
 72551 | Zig:2    | Entered Level 2 of a ziggurat
 72583 | Zig:3    | Entered Level 3 of a ziggurat
 72590 | Zig:3    | Reached skill level 1 in Evocations
 72741 | Zig:4    | Entered Level 4 of a ziggurat
 72798 | Zig:5    | Entered Level 5 of a ziggurat
 72832 | Zig:5    | Identified the +8 morningstar "Virrotu" {heavy, *Rage rC+
                  | Str+4 Dex+5}
 72837 | Zig:6    | Entered Level 6 of a ziggurat
 72841 | Zig:6    | Found the ring of Shadows {Umbra +Inv Stlth+}
 72907 | Zig:7    | Entered Level 7 of a ziggurat
 72914 | Zig:7    | Reached skill level 10 in Translocations
 72953 | Zig:8    | Entered Level 8 of a ziggurat
 72983 | Zig:8    | Identified the +1 falchion of Cozefema {heavy, *Slow MP+9
                  | Str+4 Int+2}
 72989 | Zig:8    | Got the Folio of the Hornet and Gloom
 73019 | Zig:9    | Entered Level 9 of a ziggurat
 73182 | Zig:10   | Entered Level 10 of a ziggurat
 73194 | Zig:10   | Found the +4 robe of Folly {Brill Will-∞ Int+8}
 73304 | Zig:10   | Identified the +10 sling of Grandeur {drain, Contam rElec
                  | Dex+4 Stlth+}
 73324 | Zig:10   | Identified the staff "Egumpofae" {Drain rElec rPois Int+6
                  | Dex+4 Necro Poison}
 73346 | Zig:11   | Entered Level 11 of a ziggurat
 73360 | Zig:11   | Noticed Irrit the pandemonium lord
 73368 | Zig:11   | Killed from afar by Irrit the pandemonium lord

Illustrated notes

Levels and vault maps discovered:
D:1:      amcnicky_arrival_blooded_trapdoor, layout_rooms, serial_curves,
          eino_curves_01, eino_curves_03, eino_curves_01
D:2:      layout_basic, dk_vineyard_1, uniq_crazy_yiuf_cottage
D:3:      layout_rooms, kennysheep_generic_room_8
D:4:      wander_river, layout_basic, uniq_menkaure
D:5:      layout_basic
D:6:      layout_basic
D:7:      layout_gridville, mainiacjoe_overflow_cross_hatched,
          chequers_temple_overflow_statue_of_worship, minmay_temple_entry_waves,
          kennysheep_flooded_box, uniq_maggie
D:8:      layout_loops_ring
D:9:      layout_long_grid, minmay_strange_pillars,
          hellmonk_guarded_unrand_night
D:10:     gammafunk_jiyva_shrine, layout_irregular_city,
          mainiacjoe_overflow_tiny_flanked, enter_bailey_3, uniq_lodul
D:11:     layout_basic, minmay_lair_entry_grove, orc_0_dummy
D:12:     cheibrodos_helix_gallery, layout_basic
D:13:     minmay_angry_zag, layout_loops_ring, david_vaults_5,
          portal_ice_cave_entry_ice_simulacra
D:14:     layout_roguey, cheibriados_altar_1, enter_trove_1
D:15:     hangedman_depths_entry_try_elsewhere_first, layout_basic,
          nicolae_shop_sticking_my_neck_out
Temple:   hc_temple_tempest_star
Lair:1:   layout_small_grid
Lair:2:   layout_small_grid, elwin_shoals_entry_rocks,
          nicolae_spider_entry_orb_guardian, beast_lair_carwin_3
Lair:3:   layout_big_grid, patterned_corridor
Lair:4:   regret_index_harrowing_hell_hive, layout_long_grid,
          serial_bayou_pond_c, kilobyte_rumbling_trees, grunt_megastairs_5
Lair:5:   due_jungle_book, layout_big_grid, nicolae_slime_entry_field_trip,
          uniq_kirke
Shoals:1: layout_shoals, lemuel_altar_in_water
Shoals:2: layout_shoals, gammafunk_ghost_necromancy
Shoals:3: layout_shoals
Shoals:4: shoals_end_hellmonk_storm_palace [storm_palace_center_square,
          storm_palace_corner_blocked, storm_palace_corner_pillars,
          storm_palace_corner_narrow, storm_palace_corner_reverse_hut]
Spider:1: layout_spider_delve, uniq_aizul
Spider:2: cheibrodos_spider_deadly_dance, nicolae_spider_swamp_cousins
Spider:3: nicolae_spider_mines_1
Spider:4: hellmonk_spider_rune_endless_swarm
Slime:1:  layout_caves, basic_altar
Slime:2:  layout_caves
Slime:3:  layout_caves
Slime:4:  layout_caves
Slime:5
Orc:1:    layout_diamond_mine, serial_shops, shop,
          nicolae_shop_tiny_statue_garden, shop, shop
Orc:2:    st_orc_open, layout_diamond_mine, gauntlet_entry_generic,
          serial_shops, nicolae_shop_window_shopping, nicolae_shop_vocational
Elf:1:    minmay_elf_arrival_summoners, layout_loops_corners,
          minmay_elf_sorcery, serial_sigils_hangedman_gut, grunt_ministairs_10,
          evilmike_ambush [evilmike_ambush_outer_corners,
          evilmike_ambush_inner_pond]
Elf:2:    elven_hall_of_blades_hangedman_original [nicolae_blade_little_rooms],
          layout_geoelf_diagonals, serial_shops,
          nicolae_shop_tiny_statue_garden, shop_fountains,
          nicolae_shop_window_shopping
Elf:3:    minmay_elf_hall_dome, layout_geoelf_diagonals, serial_shops, shop,
          nicolae_shop_gibbet_a_chance, nicolae_shop_statue_plus,
          nicolae_shop_trees, nicolae_shop_gaudy_bauble, uniq_asterion
Vaults:1: ebering_ghost_gozag, vaults_mumra_hexcomb, hangedman_vaults_stagger,
          nicolae_vaults_meiosis, vaults_standard_mumra_lines,
          nicolae_vaults_sesquioval_fish, v_misc_5, vaults_room_grid,
          layout_vaults_omnibox, uniq_saint_roka
Vaults:2: portal_desolation_entry_nicolae_nacl, v_misc_30,
          nicolae_vaults_trapezoid_lopsided_1,
          nicolae_vaults_diagonal_hallway_6, vaults_mumra_chevron_long,
          ontoclasm_vaults_eye, v_pattern_4, nicolae_vaults_ellipses_ellipsis,
          nicolae_vaults_more_shelving_1, nicolae_vaults_asterisk,
          minmay_crypt_entry_necro_gods, nicolae_vaults_door_testing_chamber,
          nicolae_vaults_tangram_2, nicolae_vaults_tetromino_Z_1,
          layout_vaults_omnicross, serial_shops, shop
Vaults:3: v_misc_12, hangedman_vaults_capsules, nicolae_vaults_network_square,
          nicolae_vaults_angled_halls, nicolae_vaults_trapezoid_lopsided_1,
          nicolae_vaults_oozy_zoo, ontoclasm_vaults_hangar,
          ontoclasm_vaults_hangar, hangedman_vaults_slice,
          nicolae_vaults_variable_pillar_hall, nicolae_vaults_spaceships,
          ontoclasm_vaults_ring_small, layout_vaults_ring, serial_shops,
          nicolae_shop_advertising_works [nicolae_subvault_shop_adworks],
          uniq_boris
Vaults:4: vaults_mumra_minichess, v_misc_14, nicolae_vaults_asterisk,
          ontoclasm_vaults_pinch, nicolae_vaults_network_barrier,
          nicolae_vaults_little_squares_2, nicolae_vaults_wrenched,
          nicolae_vaults_shipping_containers_4, nicolae_vaults_tetromino_T_1,
          nicolae_vaults_storage_closets_1, hangedman_vaults_nails,
          nicolae_vaults_double_plus_1, layout_vaults_maze_snakey, serial_shops,
          shop, shop, shop
Vaults:5
Crypt:1:  minmay_shadows, layout_basic, grunt_megastairs_1, uniq_frederick
Crypt:2:  layout_chaotic_city, due_unseen_surprise
Crypt:3:  quadcrypt_mu
Depths:1: layout_cave_pools, enter_ziggurat_d, pf_hell_entry_tar_river,
          serial_sigils_hangedman_etch, lemuel_statue_altar,
          hangedman_aerie_drop, firewood_loft
Depths:2: impenetrable_vault, layout_basic, rand_demon_pan_entry_3,
          nemelex_spade_bored_becter, serial_shops, kennysheep_mini_moat,
          hangedman_geh_valley, kennysheep_generic_room_13, minmay_shoptagon,
          uniq_josephina, uniq_grunn, uniq_enchantress, uniq_vv
Depths:3: minmay_bad_star, layout_gridlike, abyss_entry, grunt_metal_band,
          hex_intersection, hangedman_corner_corridor
Depths:4: evilmike_zot_entry_diamond, layout_small_grid,
          roderic_serpentine_path, serial_shops,
          nicolae_shop_tiny_real_fake_doors, abyss_entry, hell_entry,
          uniq_mennas
Hell
Tar:1:    layout_grid_maze, nicolae_tar_cuneiform_two
Tar:2:    layout_grid_maze
Tar:3:    layout_grid_maze, nicolae_tar_cuneiform_city, nicolae_tar_combstack
Tar:4:    layout_cathedral_of_symmetry, nicolae_tar_cuneiform_city
Tar:5:    layout_catacombs, evilmike_ambush [evilmike_ambush_outer_basic,
          evilmike_ambush_inner_basic]
Tar:6:    layout_grid_maze
Tar:7:    tar_mu [tar_mu_maze]
Zot:1:    layout_basic, nicolae_shop_clearance
Zot:2:    layout_misc_corridors, lemuel_baited_zot_trap
Zot:3:    layout_gridlike
Zot:4:    layout_concentric_octagons
Zot:5:    layout_gridlike, hellmonk_bargain_basement
Zig:11

Skill      XL: |  1  2  3  4  5  6  7  8  9 10 11 12 13 14 15 16 17 18 19 20 21 22 23 24 25 26 27 |
---------------+----------------------------------------------------------------------------------+-----
Fighting       | 4 5 6 7 8 10 11 12 13 14 15 16 18 19 20 22 23 27 | 27.0
Long Blades    | 3 4 6 7 9 10 12 13 14 15 17 18 19 20 21 22 23 24 25 26 27 | 27.0
Armour         | 4 5 7 8 9 10 11 12 13 14 15 16 17 18 27 | 27.0
Dodging        | 1 2 3 4 5 6 12 | 12.6
Shields        | 5 7 9 11 13 15 17 18 19 21 23 24 26 27 | 27.0
Ranged Weapons | 1 3 4 |  4.1
Stealth        | 2 |  2.3
Invocations    | 2 3 4 6 10 13 15 17 18 27 | 27.0
Spellcasting   | 14 | 14.3
Transmutations | 8 |  8.8
Translocations | 11 | 11.1
Evocations     | 3 |  3.1

Action                     |  1- 3 |  4- 6 |  7- 9 | 10-12 | 13-15 | 16-18 | 19-21 | 22-24 | 25-27 || total
---------------------------+-------+-------+-------+-------+-------+-------+-------+-------+-------++-------
  Melee: Long sword        |    83 |   133 |   142 |       |       |       |       |       |       ||   358
         Dagger            |       |       |    63 |       |    64 |    19 |       |       |       ||   146
         Great sword       |       |       |    20 |   259 |   622 |   808 |   899 |  1036 |  1521 ||  5165
         Triple sword      |       |       |       |       |       |       |       |       |   791 ||   791
   Fire: Arbalest          |       |       |     3 |    26 |       |       |       |       |       ||    29
         Hand crossbow     |       |       |       |       |    14 |     1 |     7 |       |       ||    22
         Triple crossbow   |       |       |       |       |       |       |     8 |       |     3 ||    11
         Shortbow          |       |       |       |       |       |       |     2 |    21 |     3 ||    26
   Cast: Wereblood         |       |       |       |       |       |       |       |       |     2 ||     2
 Invoke: Heroism           |       |       |       |     9 |     9 |    13 |    12 |     7 |     5 ||    55
         Finesse           |       |       |       |     2 |     4 |     4 |     5 |     3 |    11 ||    29
         Duel              |       |       |       |       |       |     1 |     1 |     2 |       ||     4
         Cleansing Flame   |       |       |       |       |       |       |       |       |    20 ||    20
         Divine Shield     |       |       |       |       |       |       |       |       |    13 ||    13
         Summon Divine War |       |       |       |       |       |       |       |       |     7 ||     7
         Brand Weapon With |       |       |       |       |       |       |       |       |     1 ||     1
Ability: Dig               |       |       |       |       |       |       |     2 |       |    17 ||    19
  Evoke: Wand              |       |       |       |     1 |       |       |       |       |     4 ||     5
    Use: Potion            |       |       |       |     1 |     4 |     7 |     5 |       |    19 ||    36
         Scroll            |       |       |       |    11 |     7 |     7 |     3 |     1 |    29 ||    58
   Stab: Invisible         |       |       |       |       |     3 |       |       |       |    10 ||    13
         Distracted        |       |       |       |       |       |     1 |       |       |       ||     1
         Fleeing           |       |       |       |       |       |       |       |       |     1 ||     1
 Armour: Scale mail        |    41 |    20 |    16 |    72 |       |       |       |       |       ||   149
         Chain mail        |       |    41 |    65 |       |       |       |       |       |       ||   106
         Plate armour      |       |       |       |    69 |   581 |   425 |   340 |   317 |       ||  1732
         Crystal plate arm |       |       |       |       |       |       |       |       |   158 ||   158
         Gold dragon scale |       |       |       |       |       |       |       |       |   421 ||   421
  Dodge: Dodged            |    33 |    51 |    79 |   131 |   318 |   261 |   267 |   230 |   355 ||  1725
  Block: Buckler           |    27 |    27 |    58 |    40 |       |       |       |       |       ||   152
         Kite shield       |       |       |       |   239 |  1200 |   213 |       |       |       ||  1652
         Reflection        |       |       |       |     7 |    20 |    42 |    65 |   144 |   176 ||   454
         Tower shield      |       |       |       |       |       |  1284 |  1583 |  1662 |  3276 ||  7805
Riposte: Great sword       |       |       |       |       |       |       |       |    69 |   716 ||   785
         Triple sword      |       |       |       |       |       |       |       |       |   322 ||   322

Table legend: (Time is in decaauts)
 A = Elapsed time spent in this place.
 B = Non-inter-level travel time spent in this place.
 C = Inter-level travel time spent in this place.
 D = Time resting spent in this place.
 E = Time spent auto-exploring this place.
 F = Levels seen in this place.
 G = Mean time per level.
                   A        B        C        D        E       F      G
               +--------+--------+--------+--------+--------+-----+--------+
         Total |  74110 |  66117 |   7993 |   4760 |  44999 |  86 |  861.7 |
       Dungeon |  13889 |  12087 |   1802 |    139 |   9506 |  15 |  925.9 |
        Temple |     93 |     40 |     53 |      0 |     27 |   1 |   93.0 |
          Lair |   7575 |   6812 |    763 |    713 |   4593 |   5 | 1515.0 |
        Shoals |   4436 |   4179 |    257 |    168 |   3009 |   4 | 1109.0 |
   Spider Nest |   4509 |   4159 |    350 |    540 |   2551 |   4 | 1127.2 |
    Slime Pits |   1550 |   1351 |    199 |    242 |    678 |   5 |  310.0 |
  Orcish Mines |   1436 |    803 |    633 |      0 |    598 |   2 |  718.0 |
   Elven Halls |   3768 |   3358 |    410 |     39 |   2531 |   3 | 1256.0 |
        Vaults |   7658 |   6745 |    913 |    374 |   4487 |   5 | 1531.6 |
         Crypt |   3599 |   3515 |     84 |    310 |   2249 |   3 | 1199.7 |
        Depths |   5814 |   4357 |   1457 |    195 |   3282 |   4 | 1453.5 |
          Hell |    661 |    515 |    146 |     18 |    314 |   1 |  661.0 |
      Tartarus |   4996 |   4600 |    396 |     77 |   3718 |   7 |  713.7 |
           Zot |   8012 |   7486 |    526 |   1238 |   4941 |   5 | 1602.4 |
         Abyss |    860 |    860 |      0 |     70 |    119 |   3 |  286.7 |
      Ziggurat |    923 |    923 |      0 |     87 |    397 |  11 |   83.9 |
        Bailey |    315 |    315 |      0 |      0 |     95 |   1 |  315.0 |
      Ice Cave |   1345 |   1345 |      0 |    105 |    882 |   1 | 1345.0 |
    Desolation |   1781 |   1781 |      0 |    296 |    786 |   1 | 1781.0 |
      Gauntlet |    802 |    802 |      0 |     98 |    233 |   1 |  802.0 |
         Arena |     81 |     81 |      0 |     48 |      0 |   4 |   20.2 |
               +--------+--------+--------+--------+--------+-----+--------+

Top non-repeatable levels by time:
   Tar:7: 3308 daAuts
   Zot:1: 2270 daAuts
  Lair:5: 2202 daAuts
   Zot:5: 2179 daAuts
Vaults:2: 1935 daAuts
  Lair:4: 1914 daAuts
Vaults:1: 1840 daAuts
 Crypt:3: 1784 daAuts
Desolation: 1781 daAuts
Depths:3: 1780 daAuts
   Elf:1: 1616 daAuts
Spider:4: 1586 daAuts
Vaults:3: 1527 daAuts
Depths:2: 1515 daAuts
Shoals:4: 1496 daAuts
